 Dungeon Crawl Stone Soup version 0.18.1-6-gd335043 (webtiles) character file.

202 Jerry the Covered (level 5, -5/42 HPs)
             Began as a Demigod Fighter on May 17, 2016.
             Slain by Crazy Yiuf
             ... wielding a +3 quarterstaff of chaos
              (22 damage)
             ... on level 2 of the Dungeon.
             The game lasted 00:04:49 (1634 turns).

Jerry the Covered (Demigod Fighter)                 Turns: 1634, Time: 00:04:49

Health: -5/42      AC:  7    Str: 21    XL:     5   Next: 25%
Magic:  7/7        EV:  7    Int: 12    God:
Gold:   135        SH: 10    Dex: 15    Spells: 0 memorised, 4 levels left

rFire  . . .     SeeInvis .     g - +0 mace
rCold  . . .     Gourm    .     b - +0 scale mail
rNeg   . . .     Faith    .     c - +0 shield
rPois  .         Spirit   .     (no helmet)
rElec  .         Dismiss  .     (no cloak)
rCorr  .         Reflect  .     (no gloves)
SustAt +         Harm     .     (no boots)
MR     .....                    (no amulet)
Stlth  ..........               (no ring)
                                (no ring)

@: not resistant to hostile enchantments, extremely unstealthy
A: high mp 1, sustain attributes
a: no special abilities


You were on level 2 of the Dungeon.
You were hungry.

You visited 1 branch of the dungeon, and saw 2 of its levels.

You collected 135 gold pieces.

Inventory:

Hand Weapons
 a - a +0 flail
 g - a +0 mace (weapon)
Armour
 b - a +0 scale mail (worn)
 c - a +0 shield (worn)
Jewellery
 m - a +2 amulet of reflection {unknown}
Wands
 d - a wand of flame (13/48)
 j - a wand of paralysis (5/24)
Scrolls
 e - a scroll of identify {unknown}
 k - 2 scrolls of enchant weapon {unknown}
 l - a scroll of amnesia {unknown}
 n - 2 scrolls of remove curse {unknown}
Potions
 i - a potion of haste
Comestibles
 f - 2 bread rations
 h - 2 meat rations


   Skills:
 - Level 2.6 Fighting
 - Level 1.7 Maces & Flails
 + Level 4.4 Armour
 + Level 4.4 Shields


You had 4 spell levels left.
You didn't know any spells.

Dungeon Overview and Level Annotations

Branches:
Dungeon (2/15)

Annotations:
D:2 Crazy Yiuf


Innate Abilities, Weirdness & Mutations

You have an increased reservoir of magic (+10% MP).
Your attributes are resistant to harm.


Message History

You block Crazy Yiuf's attack.
You closely miss Crazy Yiuf.
Crazy Yiuf is moderately wounded.
Crazy Yiuf drinks a potion.
Crazy Yiuf goes berserk!
Crazy Yiuf hits you with a quarterstaff of chaos.
Crazy Yiuf burns you.
You hit Crazy Yiuf.
Crazy Yiuf is heavily wounded.
You block Crazy Yiuf's attack.
Crazy Yiuf hits you with a quarterstaff of chaos!
You closely miss Crazy Yiuf.
Crazy Yiuf is heavily wounded.
Crazy Yiuf hits you with a quarterstaff of chaos!
Crazy Yiuf freezes you.
You hit Crazy Yiuf.
Crazy Yiuf is heavily wounded.
You block Crazy Yiuf's attack.
Crazy Yiuf hits you with a quarterstaff of chaos!!
Ouch! That really hurt!
You die...

#+..'#
##.......#...
#....#
#.......####
♣.PPP♣
#########
♣.P♣♣♣ ###
♣♣.♣ #.. ♣.♣♣
#.# ♣♣.♣ #.#
♣.♣♣ #.# ♣♣@♣
#.# #g# #.#
... #.# #...#
#.. #..)# ###
#####


You could see Crazy Yiuf (berserk).

Vanquished Creatures
  Sigmund (D:2)
  Ijyb (D:2)
  2 giant geckos
  8 bats
  5 goblins
  3 hobgoblins
  2 giant newts (D:1)
  3 kobolds
  2 rats
  A fungus (D:2)
28 creatures vanquished.

Notes
Turn   | Place    | Note
--------------------------------------------------------------
     0 | D:1      | Jerry the Demigod Fighter began the quest for the Orb.
     0 | D:1      | Reached XP level 1. HP: 18/18 MP: 3/3
   226 | D:1      | Reached XP level 2. HP: 17/25 MP: 4/4
   505 | D:1      | Found a glowing golden altar of the Shining One.
   721 | D:2      | Found a shimmering altar of Xom.
   850 | D:2      | Noticed Sigmund
   872 | D:2      | Killed Sigmund
   872 | D:2      | Reached XP level 3. HP: 6/30 MP: 5/5
   872 | D:2      | Reached XP level 4. HP: 7/37 MP: 6/6
   872 | D:2      | Reached XP level 5. HP: 8/42 MP: 7/7
  1225 | D:2      | Noticed Ijyb
  1232 | D:2      | Paralysed by Ijyb for 7 turns
  1248 | D:2      | Killed Ijyb
  1627 | D:2      | Noticed Crazy Yiuf
  1634 | D:2      | Slain by Crazy Yiuf

Skill      XL: |  1  2 |
---------------+-------+-----
Shields        | 3 4 |  4.4
Armour         | 3 4 |  4.4
Fighting       | |  2.6
Maces & Flails | |  1.7

Action                   |  1- 3 |  4- 6 || total
-------------------------+-------+-------++-------
Melee: Mace              |    84 |    29 ||   113
       Flail             |     3 |       ||     3
  Use: Potion            |     3 |     1 ||     4
  Eat: Chunk             |       |     2 ||     2
Armor: Scale mail        |    34 |    13 ||    47
Dodge: Dodged            |    30 |     3 ||    33
Block: Shield            |    60 |     9 ||    69
